Predators vs Maple Leafs
Created - March 22, 2023 at 19:41
Goals
|
Predators |
2 |
2 |
1 |
5 |
Maple Leafs |
2 |
0 |
0 |
2 |
|
Shots
|
Predators |
11 |
12 |
4 |
27 |
Maple Leafs |
8 |
10 |
7 |
25 |
|
1st period
1. Maple Leafs , Claude Giroux 37 (John Klingberg 39, Brayden Schenn 39) at 1:50
2. Predators , Alexander Ovechkin 20 (Mikael Granlund 38, Andy Miele 34) at 11:10 (PP)
3. Predators , Ryan Mcdonagh 6 (John Moore 17) at 15:23 (PP)
4. Maple Leafs , Patrice Cormier 6 (John Klingberg 40, Tye McGinn 17) at 18:11 (PP)
Penalties :
Brad Boyes (TOR) for Tripping (Minor) at 1:00, Andy Miele (Nas) for High sticking (Minor) at 1:45, Patrice Cormier (TOR) for Tripping (Minor) at 9:41, Brad Boyes (TOR) for Tripping (Minor) at 14:48, Matt Stajan (Nas) for Tripping (Minor) at 17:07, Alexander Ovechkin (Nas) for Interference (Minor) at 18:35
2nd period
5. Predators , Matt Stajan 14 (Justin Faulk 20, Mark Pysyk 16) at 6:58
6. Predators , Andy Miele 26 (Mikael Granlund 39, Alexander Ovechkin 34) at 10:50
Penalties :
Haydn Fleury (TOR) for Cross-checking (Minor) at 8:36, Justin Abdelkader (Nas) for Slashing (Minor) at 11:58
3rd period
7. Predators , Mikael Granlund 30 (Alexander Ovechkin 35, Ryan Mcdonagh 33) at 9:14 (PP)
Penalties :
Brayden Schenn (TOR) for Holding (Minor) at 2:49, Brad Boyes (TOR) for High sticking (Minor) at 8:56, Justin Abdelkader (Nas) for Hooking (Minor) at 13:46
Goalie Stats
Kari Lehtonen (Nas), 23 saves from 25 shots - (0.920), W, 22-15-2, 60:00 minutes
Kristers Gudlevskis (TOR), 9 saves from 10 shots - (0.900), 29:10 minutes
Martin Jones (TOR), 13 saves from 17 shots - (0.765), L, 11-11-0, 30:50 minutes
Players Stats for Predators
Player Name G A P +/- PIM S H SB GA TA FO MP PP MP PK MP
------------------------------------------------------------------------------------
Alexander Edler 0 0 0 0 0 1 0 2 0 1 0/0 27:43 4:57 4:29
Alexander Ovechkin 1 2 3 0 2 2 0 0 0 1 0/1 22:01 5:34 0:17
Andy Miele 1 1 2 1 2 3 0 0 0 1 16/33 24:05 5:33 2:53
Jack Eichel 0 0 0 0 0 1 3 0 0 0 8/14 14:41 1:31 1:49
Jaden Schwartz 0 0 0 0 0 2 2 0 1 1 0/1 16:00 1:31 2:37
John Moore 0 1 1 1 0 0 0 2 0 2 0/0 21:39 2:08 2:33
Josh Morrissey 0 0 0 0 0 0 1 0 0 0 0/0 10:32 0:00 0:44
Justin Abdelkader 0 0 0 1 4 1 1 0 0 0 0/0 9:43 0:00 0:27
Justin Faulk 0 1 1 1 0 2 0 1 0 0 0/0 21:39 2:08 2:33
Mark Pysyk 0 1 1 1 0 2 1 0 0 0 1/1 14:17 0:00 4:52
Matt Stajan 1 0 1 1 2 2 1 2 0 0 0/2 9:51 0:00 0:11
Mikael Granlund 1 2 3 0 0 4 2 0 1 0 2/3 21:22 5:34 0:00
Mike Brown 0 0 0 0 0 1 1 0 0 0 0/0 10:28 0:00 2:26
Nate Schmidt 0 0 0 0 0 0 0 0 0 0 0/0 10:32 0:00 0:44
Nicolas Kerdiles 0 0 0 0 0 1 0 0 1 0 0/0 7:57 0:00 0:00
Reilly Smith 0 0 0 0 0 1 1 0 0 1 0/1 12:45 1:31 0:00
Ryan Mcdonagh 1 1 2 0 0 1 2 0 0 1 0/0 27:43 4:57 4:29
Scott Laughton 0 0 0 0 0 3 3 0 0 0 2/3 7:57 0:00 0:00
Players Stats for Maple Leafs
Player Name G A P +/- PIM S H SB GA TA FO MP PP MP PK MP
------------------------------------------------------------------------------------
Andre Burakovsky 0 0 0 0 0 2 1 0 0 0 0/0 18:14 2:40 0:00
Brad Boyes 0 0 0 0 6 0 0 0 0 0 0/0 9:36 0:54 0:00
Brandon Saad 0 0 0 0 0 2 3 0 0 0 0/0 7:17 0:51 0:47
Brayden Schenn 0 1 1 -1 2 1 1 0 0 0 20/38 22:13 4:11 3:41
Braydon Coburn 0 0 0 0 0 3 2 0 0 1 0/0 20:34 3:39 2:42
Chris Tierney 0 0 0 0 0 1 3 0 0 0 0/0 9:42 0:07 0:14
Claude Giroux 1 0 1 -1 0 4 4 1 0 0 3/4 23:01 4:11 4:35
Dana Tyrell 0 0 0 0 0 0 0 1 0 0 2/2 7:00 0:29 0:52
Haydn Fleury 0 0 0 -1 2 0 0 1 0 1 0/0 11:32 0:31 0:00
John Klingberg 0 2 2 -1 0 2 1 1 3 0 0/0 28:08 3:36 4:23
Jon Merrill 0 0 0 -1 0 1 2 3 0 0 0/0 28:08 3:36 4:23
Luke Adam 0 0 0 0 0 2 1 0 0 0 0/1 9:44 0:00 0:23
Matt Duchene 0 0 0 -1 0 1 2 0 2 0 1/1 17:30 4:10 0:00
Neal Pionk 0 0 0 0 0 0 0 0 0 0 0/0 11:18 0:31 0:00
Patrice Cormier 1 0 1 0 2 1 2 0 1 0 4/12 19:55 2:37 1:25
Pontus Aberg 0 0 0 0 0 2 0 0 0 1 0/0 6:25 0:31 0:00
Tye McGinn 0 1 1 0 0 1 0 0 1 0 0/1 20:44 2:37 2:13
Zach Werenski 0 0 0 0 0 2 0 0 1 0 0/0 20:34 3:39 2:42
3 Stars
1 - Mikael Granlund (Nas)
2 - Ryan Mcdonagh (Nas)
3 - Alexander Ovechkin (Nas)
Power Play
Predators - 3 on 6 Attempt(s) - 50.00%
Maple Leafs - 1 on 5 Attempt(s) - 20.00%
Penalty Kill
Predators - 4 on 5 Attempt(s) - 80.00%
- Score 0 goal in Penalty Kill
Maple Leafs - 3 on 6 Attempt(s) - 50.00%
- Score 0 goal in Penalty Kill
Team Stat
Predators - Hits : 18 - Faceoff Wins : 29 - Blocked Shots : 7 - Penalty Minutes : 10
Maple Leafs - Hits : 22 - Faceoff Wins : 30 - Blocked Shots : 7 - Penalty Minutes : 12
Official
Referees : Tim Peel and Kevin Pollock
Linesman : David Brisebois and Julien Fournier
Game Notes
Kristers Gudlevskis enters game at 10:50 of 2nd period
Finance
Level 1 -- Attendance: 5977 (99.62%) -- Ticket Income $597,700
Level 2 -- Attendance: 5000 (100.00%) -- Ticket Income $300,000
Level 3 -- Attendance: 1842 (92.10%) -- Ticket Income $64,470
Level 4 -- Attendance: 3934 (98.35%) -- Ticket Income $98,350
Luxury Box -- Attendance: 883 (88.30%) -- Ticket Income $176,600
Game was played at the Scotiabank Arena.
Total Attendance: 17636 (97.98%)
Total Ticket Income: $1,237,120
Other Income: $185,568
Total Income: $1,422,688
Predators
5 vs 5 Forward
Center Left Wing Right Wing Time % Phy DF OF
1 Andy Miele Alexander Ovechkin Mikael Granlund 40 1 2 2
2 Jack Eichel Jaden Schwartz Reilly Smith 30 1 2 2
3 Matt Stajan Justin Abdelkader Mark Pysyk 20 1 2 2
4 Scott Laughton Nicolas Kerdiles Mike Brown 10 1 2 2
5 vs 5 Defense
Defense Defense Time % Phy DF OF
1 Ryan Mcdonagh Alexander Edler 40 1 2 2
2 John Moore Justin Faulk 30 1 2 2
3 Nate Schmidt Josh Morrissey 20 1 2 2
4 Ryan Mcdonagh Alexander Edler 10 1 2 2
PowerPlay Forward
Center Left Wing Right Wing Time % Phy DF OF
1 Andy Miele Alexander Ovechkin Mikael Granlund 60 1 2 2
2 Jack Eichel Jaden Schwartz Reilly Smith 40 1 2 2
PowerPlay Defense
Defense Defense Time % Phy DF OF
1 Ryan Mcdonagh Alexander Edler 60 1 2 2
2 John Moore Justin Faulk 40 1 2 2
Penalty Kill 4 Players Forward
Center Wing Time % Phy DF OF
1 Andy Miele Mark Pysyk 60 1 2 2
2 Jaden Schwartz Mike Brown 40 1 2 2
Penalty Kill 4 Players Defense
Defense Defense Time % Phy DF OF
1 Ryan Mcdonagh Alexander Edler 60 1 3 1
2 John Moore Justin Faulk 40 1 3 1
Penalty Kill - 3 Players Forward
Forward Time % Phy DF OF
1 Jaden Schwartz 60 1 2 2
2 Mark Pysyk 40 1 2 2
Penalty Kill - 3 Players Defense
Defense Defense Time % Phy DF OF
1 Ryan Mcdonagh Alexander Edler 60 1 3 1
2 John Moore Justin Faulk 40 1 3 1
4 vs 4 Forward
Center Wing Time % Phy DF OF
1 Mikael Granlund Alexander Ovechkin 60 1 2 2
2 Jaden Schwartz Andy Miele 40 1 2 2
4 vs 4 Defense
Defense Defense Time % Phy DF OF
1 Ryan Mcdonagh Alexander Edler 60 1 2 2
2 John Moore Justin Faulk 40 1 2 2
Last Minutes Offensive
Center Left Wing Right Wing Defense Defense
Andy Miele Alexander Ovechkin Mikael Granlund Ryan Mcdonagh Alexander Edler
Last Minutes Defensive
Center Left Wing Right Wing Defense Defense
Andy Miele Alexander Ovechkin Mikael Granlund Ryan Mcdonagh Alexander Edler
Goaltenders
Starting : Kari Lehtonen
Backup : Jaroslav Halak
Extra Forwards
Normal : Matt Stajan, Mark Pysyk, Justin Abdelkader - PP : Matt Stajan, Mark Pysyk - PK : Justin Abdelkader
Extra Defensemen
Normal : Nate Schmidt, Josh Morrissey, John Moore - PP : Nate Schmidt - PK : Josh Morrissey, John Moore
Penalty Shots
Mikael Granlund, Alexander Ovechkin, Jaden Schwartz, Andy Miele, Reilly Smith
Scratches
None
Maple Leafs
5 vs 5 Forward
Center Left Wing Right Wing Time % Phy DF OF
1 Brayden Schenn Claude Giroux Matt Duchene 40 1 2 2
2 Patrice Cormier Tye McGinn Andre Burakovsky 30 1 2 2
3 Luke Adam Chris Tierney Brad Boyes 20 1 2 2
4 Dana Tyrell Brandon Saad Pontus Aberg 10 1 2 2
5 vs 5 Defense
Defense Defense Time % Phy DF OF
1 Jon Merrill John Klingberg 40 1 2 2
2 Braydon Coburn Zach Werenski 30 1 2 2
3 Haydn Fleury Neal Pionk 20 1 2 2
4 Jon Merrill John Klingberg 10 1 2 2
PowerPlay Forward
Center Left Wing Right Wing Time % Phy DF OF
1 Brayden Schenn Claude Giroux Matt Duchene 60 1 2 2
2 Patrice Cormier Tye McGinn Andre Burakovsky 40 1 2 2
PowerPlay Defense
Defense Defense Time % Phy DF OF
1 Jon Merrill John Klingberg 60 1 2 2
2 Braydon Coburn Zach Werenski 40 1 2 2
Penalty Kill 4 Players Forward
Center Wing Time % Phy DF OF
1 Brayden Schenn Claude Giroux 60 1 2 2
2 Patrice Cormier Tye McGinn 40 1 2 2
Penalty Kill 4 Players Defense
Defense Defense Time % Phy DF OF
1 Jon Merrill John Klingberg 60 1 2 2
2 Braydon Coburn Zach Werenski 40 1 2 2
Penalty Kill - 3 Players Forward
Forward Time % Phy DF OF
1 Brayden Schenn 60 1 2 2
2 Patrice Cormier 40 1 2 2
Penalty Kill - 3 Players Defense
Defense Defense Time % Phy DF OF
1 Jon Merrill John Klingberg 60 1 2 2
2 Braydon Coburn Zach Werenski 40 1 2 2
4 vs 4 Forward
Center Wing Time % Phy DF OF
1 Brayden Schenn Claude Giroux 60 1 2 2
2 Patrice Cormier Tye McGinn 40 1 2 2
4 vs 4 Defense
Defense Defense Time % Phy DF OF
1 Jon Merrill John Klingberg 60 1 2 2
2 Braydon Coburn Zach Werenski 40 1 2 2
Last Minutes Offensive
Center Left Wing Right Wing Defense Defense
Brayden Schenn Claude Giroux Matt Duchene Jon Merrill John Klingberg
Last Minutes Defensive
Center Left Wing Right Wing Defense Defense
Brayden Schenn Claude Giroux Matt Duchene Jon Merrill John Klingberg
Goaltenders
Starting : Martin Jones
Backup : Kristers Gudlevskis
Extra Forwards
Normal : Tye McGinn, Brad Boyes, Brandon Saad - PP : Tye McGinn, Brad Boyes - PK : Tye McGinn
Extra Defensemen
Normal : Zach Werenski, Haydn Fleury, Neal Pionk - PP : Zach Werenski - PK : Zach Werenski, Haydn Fleury
Penalty Shots
Claude Giroux, Matt Duchene, Brayden Schenn, Andre Burakovsky, Tye McGinn
Scratches
Bo Horvat (Strained Right Knee Injury), Brayden McNabb (Healthy)
% Time on Ice - Predators
Lines # - Real PCT - Wanted PCT - Time Play
Normal Forward
1 - 36% - 40% - 15:44
2 - 26% - 30% - 11:19
3 - 20% - 20% - 8:55
4 - 18% - 10% - 7:57
Normal Defense
1 - 38% - 40% - 16:33
2 - 38% - 30% - 16:39
3 - 22% - 20% - 9:51
4 - 2% - 10% - 0:52
PP Forward
1 - 79% - 60% - 5:34
2 - 21% - 40% - 1:31
PP Defense
1 - 70% - 60% - 4:57
2 - 30% - 40% - 2:08
PK Forward
1 - 69% - 60% - 5:20
2 - 31% - 40% - 2:26
PK Defense
1 - 58% - 60% - 4:29
2 - 42% - 40% - 3:17
PK3 Forward
1 - 0% - 60%
2 - 0% - 40%
PK3 Defense
1 - 0% - 60%
2 - 0% - 40%
44 Forward
1 - 50% - 60% - 0:37
2 - 50% - 40% - 0:37
44 Defense
1 - 70% - 60% - 0:52
2 - 30% - 40% - 0:22
Last Minute Offensive - 0:00
Last Minute Defensive - 0:00
Total
Forward - 60:00
Defense - 60:00
|
% Time on Ice - Maple Leafs
Lines # - Real PCT - Wanted PCT - Time Play
Normal Forward
1 - 31% - 40% - 13:34
2 - 35% - 30% - 15:28
3 - 21% - 20% - 9:14
4 - 13% - 10% - 5:39
Normal Defense
1 - 43% - 40% - 19:05
2 - 32% - 30% - 14:03
3 - 25% - 20% - 10:47
4 - 0% - 10% - 0:00
PP Forward
1 - 66% - 60% - 5:09
2 - 34% - 40% - 2:37
PP Defense
1 - 46% - 60% - 3:36
2 - 54% - 40% - 4:10
PK Forward
1 - 79% - 60% - 5:36
2 - 21% - 40% - 1:29
PK Defense
1 - 62% - 60% - 4:23
2 - 38% - 40% - 2:42
PK3 Forward
1 - 0% - 60%
2 - 0% - 40%
PK3 Defense
1 - 0% - 60%
2 - 0% - 40%
44 Forward
1 - 65% - 60% - 0:48
2 - 35% - 40% - 0:26
44 Defense
1 - 86% - 60% - 1:04
2 - 14% - 40% - 0:10
Last Minute Offensive - 0:00
Last Minute Defensive - 0:00
Total
Forward - 60:00
Defense - 60:00
|
Play-by-Play
1st period
0:01 of 1st period - Brayden Schenn wins face-off versus Andy Miele in neutral zone.
0:15 of 1st period - Off-side.
0:16 of 1st period - Jack Eichel wins face-off versus Patrice Cormier in neutral zone.
0:43 of 1st period - Mark Pysyk is hit by Chris Tierney and loses puck.
1:00 of 1st period - Minor Penalty to Brad Boyes for Tripping.
1:01 of 1st period - Brayden Schenn wins face-off versus Andy Miele in Maple Leafs zone.
1:18 of 1st period - Snap shot by Brayden Schenn.
1:18 of 1st period - Stopped by Kari Lehtonen without a rebound.
1:19 of 1st period - Patrice Cormier wins face-off versus Reilly Smith in Predators zone.
1:45 of 1st period - Minor Penalty to Andy Miele for High sticking.
1:46 of 1st period - Brayden Schenn wins face-off versus Mikael Granlund in Predators zone.
1:46 of 1st period - Slapshot by Claude Giroux.
1:46 of 1st period - Shot Misses the Net.
1:48 of 1st period - Wrist shot by John Klingberg.
1:48 of 1st period - Shot Misses the Net.
1:50 of 1st period - Wrist shot by Claude Giroux.
1:50 of 1st period - Goal by Claude Giroux - Predators : 0 - Maple Leafs : 1.
1:51 of 1st period - Mikael Granlund wins face-off versus Brayden Schenn in neutral zone.
1:56 of 1st period - Wrist shot by Alexander Ovechkin.
1:56 of 1st period - Shot Blocked by Claude Giroux.
2:04 of 1st period - Alexander Edler is hit by Brayden Schenn and loses puck.
2:56 of 1st period - John Moore is hit by Claude Giroux.
3:00 of 1st period - Penalty to Brad Boyes is over, Brad Boyes is back on ice.
3:06 of 1st period - Justin Faulk is hit by Braydon Coburn and loses puck.
3:23 of 1st period - Braydon Coburn is hit by Mark Pysyk and loses puck.
3:42 of 1st period - Braydon Coburn is hit by Ryan Mcdonagh and loses puck.
3:45 of 1st period - Penalty to Andy Miele is over, Andy Miele is back on ice.
4:45 of 1st period - Icing by Haydn Fleury.
4:46 of 1st period - Dana Tyrell wins face-off versus Andy Miele in Maple Leafs zone.
4:56 of 1st period - Snap shot by Brandon Saad.
4:56 of 1st period - Stopped by Kari Lehtonen without a rebound.
4:57 of 1st period - Andy Miele wins face-off versus Brayden Schenn in Predators zone.
5:04 of 1st period - Slapshot by Andy Miele.
5:04 of 1st period - Shot Misses the Net.
5:53 of 1st period - Slapshot by Luke Adam.
5:53 of 1st period - Shot Misses the Net.
5:59 of 1st period - Zach Werenski is hit by Scott Laughton and loses puck.
6:10 of 1st period - Mark Pysyk is hit by Brandon Saad.
6:31 of 1st period - Off-side.
6:32 of 1st period - Matt Duchene wins face-off versus Andy Miele in neutral zone.
7:23 of 1st period - Snap shot by Tye McGinn.
7:23 of 1st period - Shot Blocked by Alexander Edler.
8:43 of 1st period - Chris Tierney is hit by Jaden Schwartz and loses puck.
8:48 of 1st period - Wrist shot by Jaden Schwartz.
8:48 of 1st period - Stopped by Martin Jones with a rebound.
8:50 of 1st period - Slapshot by Jack Eichel.
8:50 of 1st period - Stopped by Martin Jones without a rebound.
8:51 of 1st period - Brayden Schenn wins face-off versus Andy Miele in Maple Leafs zone.
9:17 of 1st period - Off-side.
9:18 of 1st period - Patrice Cormier wins face-off versus Jack Eichel in neutral zone.
9:41 of 1st period - Minor Penalty to Patrice Cormier for Tripping.
9:42 of 1st period - Brayden Schenn wins face-off versus Andy Miele in Maple Leafs zone.
10:40 of 1st period - Snap shot by Andy Miele.
10:40 of 1st period - Shot Blocked by John Klingberg.
11:06 of 1st period - Snap shot by Andy Miele.
11:06 of 1st period - Shot Misses the Net.
11:08 of 1st period - Wrist shot by Mikael Granlund.
11:08 of 1st period - Stopped by Martin Jones with a rebound.
11:10 of 1st period - Snap shot by Alexander Ovechkin.
11:10 of 1st period - Goal by Alexander Ovechkin - Predators : 1 - Maple Leafs : 1.
11:11 of 1st period - Jack Eichel wins face-off versus Tye McGinn in neutral zone.
11:17 of 1st period - Slapshot by Justin Faulk.
11:17 of 1st period - Stopped by Martin Jones without a rebound.
11:18 of 1st period - Patrice Cormier wins face-off versus Jack Eichel in Maple Leafs zone.
11:21 of 1st period - Wrist shot by Reilly Smith.
11:21 of 1st period - Stopped by Martin Jones without a rebound.
11:22 of 1st period - Jack Eichel wins face-off versus Patrice Cormier in Maple Leafs zone.
12:04 of 1st period - Matt Stajan is hit by Chris Tierney and loses puck.
12:17 of 1st period - Haydn Fleury is hit by Mikael Granlund and loses puck.
12:26 of 1st period - John Moore is hit by Claude Giroux and loses puck.
13:06 of 1st period - Wrist shot by Luke Adam.
13:06 of 1st period - Stopped by Kari Lehtonen with a rebound.
13:40 of 1st period - Snap shot by Mikael Granlund.
13:40 of 1st period - Stopped by Martin Jones with a rebound.
13:57 of 1st period - Off-side.
13:58 of 1st period - Dana Tyrell wins face-off versus Scott Laughton in neutral zone.
14:01 of 1st period - Wrist shot by Pontus Aberg.
14:01 of 1st period - Stopped by Kari Lehtonen without a rebound.
14:02 of 1st period - Brayden Schenn wins face-off versus Andy Miele in Predators zone.
14:33 of 1st period - Jack Eichel is hit by Jon Merrill and loses puck.
14:48 of 1st period - Minor Penalty to Brad Boyes for Tripping.
14:49 of 1st period - Brayden Schenn wins face-off versus Andy Miele in Maple Leafs zone.
15:16 of 1st period - John Moore is hit by Braydon Coburn and loses puck.
15:23 of 1st period - Slapshot by Ryan Mcdonagh.
15:23 of 1st period - Goal by Ryan Mcdonagh - Predators : 2 - Maple Leafs : 1.
15:24 of 1st period - Andy Miele wins face-off versus Brayden Schenn in neutral zone.
15:56 of 1st period - Icing by Ryan Mcdonagh.
15:57 of 1st period - Patrice Cormier wins face-off versus Jack Eichel in Predators zone.
16:10 of 1st period - Snap shot by Andre Burakovsky.
16:10 of 1st period - Stopped by Kari Lehtonen without a rebound.
16:11 of 1st period - Andy Miele wins face-off versus Brayden Schenn in Predators zone.
16:37 of 1st period - Justin Faulk is hit by Andre Burakovsky and loses puck.
17:07 of 1st period - Minor Penalty to Matt Stajan for Tripping.
17:08 of 1st period - Andy Miele wins face-off versus Claude Giroux in Predators zone.
18:09 of 1st period - Slapshot by John Klingberg.
18:09 of 1st period - Stopped by Kari Lehtonen with a rebound.
18:11 of 1st period - Snap shot by Patrice Cormier.
18:11 of 1st period - Goal by Patrice Cormier - Predators : 2 - Maple Leafs : 2.
18:12 of 1st period - Brayden Schenn wins face-off versus Andy Miele in neutral zone.
18:35 of 1st period - Minor Penalty to Alexander Ovechkin for Interference.
18:36 of 1st period - Andy Miele wins face-off versus Brayden Schenn in Predators zone.
18:47 of 1st period - Wrist shot by Mark Pysyk.
18:47 of 1st period - Stopped by Martin Jones with a rebound.
18:49 of 1st period - Snap shot by Mark Pysyk.
18:49 of 1st period - Stopped by Martin Jones with a rebound.
18:51 of 1st period - Slapshot by Alexander Edler.
18:51 of 1st period - Stopped by Martin Jones without a rebound.
18:52 of 1st period - Brayden Schenn wins face-off versus Andy Miele in Maple Leafs zone.
Goals for this period are 2 for Predators vs 2 for Maple Leafs.
Shots for this period are 11 for Predators vs 8 for Maple Leafs.
2nd period
0:01 of 2nd period - Andy Miele wins face-off versus Brayden Schenn in neutral zone.
0:14 of 2nd period - Snap shot by Matt Duchene.
0:14 of 2nd period - Stopped by Kari Lehtonen without a rebound.
0:15 of 2nd period - Andy Miele wins face-off versus Brayden Schenn in Predators zone.
0:35 of 2nd period - Penalty to Alexander Ovechkin is over, Alexander Ovechkin is back on ice.
0:40 of 2nd period - Alexander Edler is hit by Luke Adam and loses puck.
0:55 of 2nd period - Wrist shot by Andy Miele.
0:55 of 2nd period - Shot Misses the Net.
0:57 of 2nd period - Slapshot by Andy Miele.
0:57 of 2nd period - Stopped by Martin Jones without a rebound.
0:58 of 2nd period - Jack Eichel wins face-off versus Brayden Schenn in Maple Leafs zone.
1:50 of 2nd period - Slapshot by Justin Faulk.
1:50 of 2nd period - Shot Blocked by Haydn Fleury.
1:52 of 2nd period - Wrist shot by Andy Miele.
1:52 of 2nd period - Stopped by Martin Jones without a rebound.
1:53 of 2nd period - Andy Miele wins face-off versus Brayden Schenn in Maple Leafs zone.
2:00 of 2nd period - Mikael Granlund is hit by Claude Giroux and loses puck.
2:23 of 2nd period - Snap shot by Andy Miele.
2:23 of 2nd period - Shot Blocked by Jon Merrill.
2:25 of 2nd period - Snap shot by Alexander Ovechkin.
2:25 of 2nd period - Shot Blocked by Jon Merrill.
2:49 of 2nd period - Snap shot by Luke Adam.
2:49 of 2nd period - Stopped by Kari Lehtonen without a rebound.
2:50 of 2nd period - Jack Eichel wins face-off versus Brayden Schenn in Predators zone.
3:05 of 2nd period - Claude Giroux is hit by Jack Eichel and loses puck.
3:49 of 2nd period - John Klingberg is hit by Scott Laughton and loses puck.
4:29 of 2nd period - John Klingberg is hit by Reilly Smith and loses puck.
5:04 of 2nd period - Chris Tierney is hit by Josh Morrissey and loses puck.
5:38 of 2nd period - Mikael Granlund is hit by Matt Duchene and loses puck.
5:59 of 2nd period - Wrist shot by Zach Werenski.
5:59 of 2nd period - Shot Misses the Net.
6:01 of 2nd period - Snap shot by Andre Burakovsky.
6:01 of 2nd period - Stopped by Kari Lehtonen with a rebound.
6:19 of 2nd period - Slapshot by Zach Werenski.
6:19 of 2nd period - Deflect By Brandon Saad.
6:19 of 2nd period - Stopped by Kari Lehtonen with a rebound.
6:21 of 2nd period - Slapshot by Braydon Coburn.
6:21 of 2nd period - Stopped by Kari Lehtonen without a rebound.
6:22 of 2nd period - Brayden Schenn wins face-off versus Andy Miele in Predators zone.
6:29 of 2nd period - Jon Merrill is hit by Mikael Granlund and loses puck.
6:58 of 2nd period - Snap shot by Matt Stajan.
6:58 of 2nd period - Goal by Matt Stajan - Predators : 3 - Maple Leafs : 2.
6:59 of 2nd period - Andy Miele wins face-off versus Patrice Cormier in neutral zone.
7:23 of 2nd period - Icing by Alexander Ovechkin.
7:24 of 2nd period - Brayden Schenn wins face-off versus Andy Miele in Predators zone.
7:27 of 2nd period - Wrist shot by Claude Giroux.
7:27 of 2nd period - Deflect By Brayden Schenn.
7:27 of 2nd period - Shot Misses the Net.
7:27 of 2nd period - Puck is out of play.
7:28 of 2nd period - Andy Miele wins face-off versus Brayden Schenn in Predators zone.
7:28 of 2nd period - Andy Miele is hit by John Klingberg.
8:19 of 2nd period - Wrist shot by Chris Tierney.
8:19 of 2nd period - Stopped by Kari Lehtonen without a rebound.
8:20 of 2nd period - Brayden Schenn wins face-off versus Matt Stajan in Predators zone.
8:36 of 2nd period - Minor Penalty to Haydn Fleury for Cross-checking.
8:37 of 2nd period - Andy Miele wins face-off versus Brayden Schenn in Maple Leafs zone.
8:38 of 2nd period - Snap shot by Alexander Ovechkin.
8:38 of 2nd period - Stopped by Martin Jones without a rebound.
8:39 of 2nd period - Andy Miele wins face-off versus Brayden Schenn in Maple Leafs zone.
8:46 of 2nd period - Slapshot by Mikael Granlund.
8:46 of 2nd period - Stopped by Martin Jones without a rebound.
8:47 of 2nd period - Claude Giroux wins face-off versus Alexander Ovechkin in Maple Leafs zone.
10:36 of 2nd period - Penalty to Haydn Fleury is over, Haydn Fleury is back on ice.
10:50 of 2nd period - Snap shot by Andy Miele.
10:50 of 2nd period - Goal by Andy Miele - Predators : 4 - Maple Leafs : 2.
10:50 of 2nd period - Kristers Gudlevskis enters game.
10:51 of 2nd period - Jack Eichel wins face-off versus Patrice Cormier in neutral zone.
11:08 of 2nd period - Braydon Coburn is hit by Jaden Schwartz and loses puck.
11:58 of 2nd period - Minor Penalty to Justin Abdelkader for Slashing.
11:59 of 2nd period - Brayden Schenn wins face-off versus Jack Eichel in Predators zone.
12:02 of 2nd period - Snap shot by Claude Giroux.
12:02 of 2nd period - Shot Blocked by John Moore.
12:04 of 2nd period - Backhand shot by Brayden Schenn.
12:04 of 2nd period - Shot Misses the Net.
13:06 of 2nd period - Ryan Mcdonagh is hit by Matt Duchene.
13:58 of 2nd period - Penalty to Justin Abdelkader is over, Justin Abdelkader is back on ice.
14:45 of 2nd period - Brad Boyes is hit by Matt Stajan.
16:50 of 2nd period - Slapshot by Justin Faulk.
16:50 of 2nd period - Deflect By Justin Abdelkader.
16:50 of 2nd period - Stopped by Kristers Gudlevskis with a rebound.
17:14 of 2nd period - Snap shot by Nicolas Kerdiles.
17:14 of 2nd period - Shot Misses the Net.
17:16 of 2nd period - Snap shot by Nicolas Kerdiles.
17:16 of 2nd period - Shot Blocked by Dana Tyrell.
17:18 of 2nd period - Slapshot by Nicolas Kerdiles.
17:18 of 2nd period - Shot Misses the Net.
17:20 of 2nd period - Wrist shot by Scott Laughton.
17:20 of 2nd period - Shot Misses the Net.
17:22 of 2nd period - Snap shot by Nate Schmidt.
17:22 of 2nd period - Shot Misses the Net.
17:32 of 2nd period - Dana Tyrell is hit by Jack Eichel and loses puck.
17:55 of 2nd period - Snap shot by Claude Giroux.
17:55 of 2nd period - Stopped by Kari Lehtonen with a rebound.
18:16 of 2nd period - Wrist shot by Justin Faulk.
18:16 of 2nd period - Stopped by Kristers Gudlevskis without a rebound.
18:17 of 2nd period - Scott Laughton wins face-off versus Brayden Schenn in Maple Leafs zone.
18:28 of 2nd period - Snap shot by Scott Laughton.
18:28 of 2nd period - Stopped by Kristers Gudlevskis with a rebound.
18:30 of 2nd period - Wrist shot by Mike Brown.
18:30 of 2nd period - Stopped by Kristers Gudlevskis with a rebound.
18:32 of 2nd period - Snap shot by Nicolas Kerdiles.
18:32 of 2nd period - Stopped by Kristers Gudlevskis without a rebound.
18:33 of 2nd period - Andy Miele wins face-off versus Patrice Cormier in Maple Leafs zone.
19:00 of 2nd period - Andre Burakovsky is hit by Justin Abdelkader and loses puck.
19:22 of 2nd period - Snap shot by Scott Laughton.
19:22 of 2nd period - Deflect By Andre Burakovsky.
19:22 of 2nd period - Stopped by Kristers Gudlevskis with a rebound.
19:24 of 2nd period - Wrist shot by Nicolas Kerdiles.
19:24 of 2nd period - Shot Misses the Net.
19:26 of 2nd period - Snap shot by Nicolas Kerdiles.
19:26 of 2nd period - Shot Misses the Net.
19:28 of 2nd period - Slapshot by Nicolas Kerdiles.
19:28 of 2nd period - Shot Misses the Net.
19:45 of 2nd period - Snap shot by Braydon Coburn.
19:45 of 2nd period - Stopped by Kari Lehtonen with a rebound.
19:47 of 2nd period - Slapshot by Braydon Coburn.
19:47 of 2nd period - Stopped by Kari Lehtonen without a rebound.
19:48 of 2nd period - Claude Giroux wins face-off versus Jack Eichel in Predators zone.
19:57 of 2nd period - Slapshot by Claude Giroux.
19:57 of 2nd period - Stopped by Kari Lehtonen without a rebound.
19:58 of 2nd period - Brayden Schenn wins face-off versus Andy Miele in Predators zone.
Goals for this period are 2 for Predators vs 0 for Maple Leafs.
Shots for this period are 12 for Predators vs 10 for Maple Leafs.
3rd period
0:01 of 3rd period - Brayden Schenn wins face-off versus Andy Miele in neutral zone.
1:01 of 3rd period - Wrist shot by Brad Boyes.
1:01 of 3rd period - Shot Blocked by Matt Stajan.
1:12 of 3rd period - Off-side.
1:13 of 3rd period - Brayden Schenn wins face-off versus Andy Miele in neutral zone.
2:07 of 3rd period - Mike Brown is hit by Chris Tierney and loses puck.
2:26 of 3rd period - Wrist shot by Matt Stajan.
2:26 of 3rd period - Stopped by Kristers Gudlevskis without a rebound.
2:27 of 3rd period - Brayden Schenn wins face-off versus Matt Stajan in Maple Leafs zone.
2:49 of 3rd period - Minor Penalty to Brayden Schenn for Holding.
2:50 of 3rd period - Claude Giroux wins face-off versus Andy Miele in Maple Leafs zone.
2:58 of 3rd period - Wrist shot by Mikael Granlund.
2:58 of 3rd period - Shot Hit the Post.
4:49 of 3rd period - Penalty to Brayden Schenn is over, Brayden Schenn is back on ice.
5:06 of 3rd period - Slapshot by Neal Pionk.
5:06 of 3rd period - Shot Blocked by Matt Stajan.
5:08 of 3rd period - Slapshot by Haydn Fleury.
5:08 of 3rd period - Shot Hit the Post.
5:47 of 3rd period - Slapshot by Neal Pionk.
5:47 of 3rd period - Shot Misses the Net.
6:20 of 3rd period - Andy Miele is hit by Brandon Saad and loses puck.
6:31 of 3rd period - Snap shot by Zach Werenski.
6:31 of 3rd period - Stopped by Kari Lehtonen without a rebound.
6:32 of 3rd period - Jack Eichel wins face-off versus Brayden Schenn in Predators zone.
6:39 of 3rd period - Slapshot by Jaden Schwartz.
6:39 of 3rd period - Stopped by Kristers Gudlevskis with a rebound.
6:45 of 3rd period - Wrist shot by Zach Werenski.
6:45 of 3rd period - Stopped by Kari Lehtonen with a rebound.
7:17 of 3rd period - Snap shot by Zach Werenski.
7:17 of 3rd period - Shot Misses the Net.
7:35 of 3rd period - Zach Werenski is hit by Mike Brown and loses puck.
8:03 of 3rd period - Brandon Saad is hit by Scott Laughton and loses puck.
8:14 of 3rd period - Mike Brown is hit by Patrice Cormier and loses puck.
8:39 of 3rd period - Luke Adam is hit by Ryan Mcdonagh and loses puck.
8:56 of 3rd period - Minor Penalty to Brad Boyes for High sticking.
8:57 of 3rd period - Andy Miele wins face-off versus Brayden Schenn in Maple Leafs zone.
9:04 of 3rd period - Snap shot by Mikael Granlund.
9:04 of 3rd period - Shot Hit the Post.
9:06 of 3rd period - Backhand shot by Ryan Mcdonagh.
9:06 of 3rd period - Shot Misses the Net.
9:08 of 3rd period - Slapshot by Alexander Edler.
9:08 of 3rd period - Shot Blocked by Jon Merrill.
9:10 of 3rd period - Slapshot by Ryan Mcdonagh.
9:10 of 3rd period - Shot Misses the Net.
9:12 of 3rd period - Wrist shot by Alexander Ovechkin.
9:12 of 3rd period - Shot Misses the Net.
9:14 of 3rd period - Snap shot by Mikael Granlund.
9:14 of 3rd period - Goal by Mikael Granlund - Predators : 5 - Maple Leafs : 2.
9:15 of 3rd period - Andy Miele wins face-off versus Brayden Schenn in neutral zone.
9:51 of 3rd period - Wrist shot by Tye McGinn.
9:51 of 3rd period - Stopped by Kari Lehtonen without a rebound.
9:52 of 3rd period - Brayden Schenn wins face-off versus Jack Eichel in Predators zone.
10:21 of 3rd period - Icing by John Moore.
10:22 of 3rd period - Andy Miele wins face-off versus Patrice Cormier in Predators zone.
11:02 of 3rd period - Slapshot by Andre Burakovsky.
11:02 of 3rd period - Shot Misses the Net.
11:04 of 3rd period - Snap shot by Jon Merrill.
11:04 of 3rd period - Shot Blocked by Justin Faulk.
12:05 of 3rd period - Mikael Granlund is hit by Patrice Cormier.
13:01 of 3rd period - Slapshot by Jon Merrill.
13:01 of 3rd period - Shot Misses the Net.
13:03 of 3rd period - Slapshot by John Klingberg.
13:03 of 3rd period - Stopped by Kari Lehtonen with a rebound.
13:05 of 3rd period - Slapshot by Jon Merrill.
13:05 of 3rd period - Stopped by Kari Lehtonen without a rebound.
13:06 of 3rd period - Jack Eichel wins face-off versus Brayden Schenn in Predators zone.
13:46 of 3rd period - Minor Penalty to Justin Abdelkader for Hooking.
13:47 of 3rd period - Brayden Schenn wins face-off versus Jaden Schwartz in Predators zone.
13:53 of 3rd period - Wrist shot by Claude Giroux.
13:53 of 3rd period - Stopped by Kari Lehtonen with a rebound.
14:35 of 3rd period - Ryan Mcdonagh is hit by Brandon Saad and loses puck.
14:46 of 3rd period - Snap shot by Brad Boyes.
14:46 of 3rd period - Shot Misses the Net.
15:18 of 3rd period - Nate Schmidt is hit by Claude Giroux.
15:46 of 3rd period - Penalty to Justin Abdelkader is over, Justin Abdelkader is back on ice.
15:54 of 3rd period - Nicolas Kerdiles is hit by Jon Merrill and loses puck.
16:56 of 3rd period - Icing by Mark Pysyk.
16:57 of 3rd period - Mark Pysyk wins face-off versus Luke Adam in Predators zone.
17:33 of 3rd period - Brad Boyes is hit by Jack Eichel and loses puck.
17:46 of 3rd period - Icing by Ryan Mcdonagh.
17:47 of 3rd period - Scott Laughton wins face-off versus Patrice Cormier in Predators zone.
18:00 of 3rd period - Slapshot by Scott Laughton.
18:00 of 3rd period - Stopped by Kristers Gudlevskis without a rebound.
18:01 of 3rd period - Brayden Schenn wins face-off versus Andy Miele in Maple Leafs zone.
19:12 of 3rd period - Wrist shot by Matt Duchene.
19:12 of 3rd period - Shot Blocked by John Moore.
19:38 of 3rd period - Snap shot by Dana Tyrell.
19:38 of 3rd period - Shot Blocked by Alexander Edler.
19:40 of 3rd period - Slapshot by Pontus Aberg.
19:40 of 3rd period - Stopped by Kari Lehtonen with a rebound.
19:47 of 3rd period - Icing by Alexander Edler.
19:48 of 3rd period - Mikael Granlund wins face-off versus Patrice Cormier in Predators zone.
Goals for this period are 1 for Predators vs 0 for Maple Leafs.
Shots for this period are 4 for Predators vs 7 for Maple Leafs.